[Event "Live Chess"] [Site "Chess.com"] [Date "2022.01.03"] [Round "?"] [White
"ACutePuppie"] [Black "falk312"] [Result "1-0"] [ECO "B90"] [WhiteElo "2298"]
[BlackElo "1687"] [TimeControl "2700+30"] [EndTime "10:28:31 PST"] [Termination
"ACutePuppie won by checkmate"]  1. e4 c5 2. Nf3 d6 3. d4 cxd4 4. Nxd4 Nf6 5.
Nc3 a6 6. a3 e5 7. Nf5 d5 8. Bg5 d4 9. Bxf6 Qxf6 10. Nd5 Qc6 11. g4 g6 12. Nxd4
exd4 13. Qxd4 f6 14. O-O-O Nd7 15. b4 Bh6+ 16. f4 Kf7 17. Bc4 Kf8 18. g5 Bg7 19.
Bb3 fxg5 20. e5 gxf4 21. Qxf4+ Ke8 22. e6 Ne5 23. Rhe1 Rf8 24. Qd4 Bh6+ 25. Kb1
Nf3 26. Qb2 Nxe1 27. Rxe1 b5 28. e7 Be6 29. Rxe6 Rf1+ 30. Ka2 Qc8 31. Qh8+ Kf7
32. Rf6+ Rxf6 33. e8=Q+ Qxe8 34. Qxf6+ Kg8 35. Ne7# 1-0 
0-1

[Event "Live Chess"] [Site "Chess.com"] [Date "2022.01.03"] [Round "?"] [White
"AFMhughes"] [Black "MFabian55"] [Result "0-1"] [ECO "E04"] [WhiteElo "1663"]
[BlackElo "2107"] [TimeControl "2700+30"] [EndTime "11:36:03 PST"] [Termination
"MFabian55 won by resignation"]  1. d4 Nf6 2. c4 e6 3. g3 d5 4. Bg2 dxc4 5. Nf3
a6 6. O-O Nc6 7. e3 Bd7 8. Nbd2 b5 9. a4 Bd6 10. Ne5 Bxe5 11. dxe5 Nd5 12. Qg4
g6 13. Nf3 Rb8 14. e4 Ndb4 15. Bg5 Qc8 16. Bf6 Rf8 17. Rfd1 h5 18. Qg5 Nd3 19.
Nh4 Rg8 20. f4 bxa4 21. Qh6 Qb7 22. h3 Qxb2 23. Qh7 Ne7 24. Kh2 Bb5 25. Nf3 Rf8
26. Ng5 h4 27. Qxh4 Bc6 28. Rdb1 Qxb1 29. Rxb1 Rxb1 30. Bxe7 Kxe7 31. Nh7+ Kd7
32. Nf6+ Kc8 33. Qh6 Rd8 34. Qg7 Rb2 35. Kg1 a3 36. Qxf7 a2 37. Nd5 a1=Q+ 38.
Kh2 exd5 39. Qe6+ Kb7 40. exd5 Rxg2+ 0-1 
0-1

[Event "Live Chess"] [Site "Chess.com"] [Date "2022.01.07"] [Round "?"] [White
"basil19825"] [Black "Chess_Gainz"] [Result "0-1"] [ECO "B07"] [WhiteElo "1656"]
[BlackElo "2326"] [TimeControl "2700+30"] [EndTime "9:26:36 PST"] [Termination
"Chess_Gainz won by resignation"]  1. d4 d6 2. e4 g6 3. c4 Bg7 4. f4 c5 5. d5 e6
6. Nf3 exd5 7. cxd5 Nf6 8. Nc3 O-O 9. Be2 Re8 10. Qc2 Nxe4 11. Nxe4 Bf5 12. Bd3
Na6 13. a3 c4 14. Qxc4 Nc5 15. O-O Nxd3 16. Qxd3 Bxe4 17. Qb3 Qa5 18. Rd1 Bxf3
19. Qxf3 Re1+ 20. Kf2 Rae8 21. Bd2 Qc5+ 22. Kg3 R1e3 23. Bxe3 Rxe3 24. Rac1
Rxf3+ 25. Kxf3 Qa5 26. Rc8+ Bf8 27. Rdc1 Qxd5+ 0-1 
0-1

[Event "Live Chess"] [Site "Chess.com"] [Date "2022.01.09"] [Round "?"] [White
"BCGolem"] [Black "EdOnArrival"] [Result "1-0"] [ECO "C01"] [WhiteElo "1738"]
[BlackElo "894"] [TimeControl "2700+30"] [EndTime "10:16:06 PST"] [Termination
"BCGolem won by resignation"]  1. e4 e6 2. d4 d5 3. exd5 exd5 4. Nf3 c5 5. Bb5+
Bd7 6. Bxd7+ Qxd7 7. Nc3 Nf6 8. Bg5 Be7 9. O-O O-O 10. dxc5 Nc6 11. Re1 h6 12.
Bxf6 Bxf6 13. Nxd5 Bxb2 14. Nf6+ Bxf6 15. Qxd7 Rab8 16. Rab1 Rfd8 17. Qg4 Nd4
18. Nxd4 Bxd4 19. Re7 Rf8 20. Rbxb7 Bxc5 21. Rxf7 Rxf7 22. Rxb8+ Rf8 23. Rxf8+
Bxf8 24. Qe6+ Kh7 25. c4 Bc5 26. Qf5+ 1-0 
1-0

[Event "Live Chess"] [Site "Chess.com"] [Date "2022.01.08"] [Round "?"] [White
"Clarkp56"] [Black "1Elliot"] [Result "0-1"] [ECO "C68"] [WhiteElo "876"]
[BlackElo "1695"] [TimeControl "5430"] [EndTime "13:37:09 PST"] [Termination
"1Elliot won by resignation"]  1. e4 e5 2. Nf3 Nc6 3. Bb5 a6 4. Bxc6 dxc6 5. Nc3
Bg4 6. h3 Bxf3 7. Qxf3 Ne7 8. d3 Ng6 9. g3 Qd7 10. Be3 Be7 11. O-O-O b5 12. d4
O-O 13. dxe5 Qe6 14. Bf4 b4 15. Nb1 Qxa2 16. b3 Qa1 17. Kd2 Nxe5 18. Bxe5 Qxe5
19. Ke2 Bd6 20. c3 f5 21. Qe3 fxe4 22. Kf1 c5 23. Kg2 Rf3 24. Qe2 Raf8 25. Kf1
Qxg3 26. Rg1 Rxf2+ 27. Ke1 Qxg1+ 28. Kd2 Bf4+ 0-1 
0-1

[Event "Live Chess"] [Site "Chess.com"] [Date "2022.01.06"] [Round "?"] [White
"esrosenberg"] [Black "sergey_carjacking"] [Result "1/2-1/2"] [ECO "D02"]
[WhiteElo "2366"] [BlackElo "1754"] [TimeControl "3600+60"] [EndTime "8:14:05
PST"] [Termination "Game drawn by agreement"]  1. Nf3 d5 2. d4 Nf6 3. c4 e6 4.
g3 Bb4+ 5. Nc3 dxc4 6. Bg2 Bd7 7. Ne5 Bc6 8. Nxc6 Nxc6 9. a3 Bxc3+ 10. bxc3 O-O
11. Qa4 e5 12. Bxc6 bxc6 13. Qxc4 exd4 14. O-O dxc3 15. Qxc6 Rc8 16. Qxc3 Re8
17. Ra2 c5 18. Rd2 Ne4 19. Rxd8 Nxc3 20. Rxe8+ Rxe8 21. e3 Ne2+ 22. Kg2 Nxc1 23.
Rxc1 Rc8 24. Kf3 c4 25. Rc3 Kf8 26. Ke4 Ke7 27. f4 Kd6 28. Kd4 f5 29. Rxc4 Re8
30. Kd3 Rb8 31. Ra4 Rb7 32. Kd4 Ke6 33. Ra6+ Ke7 34. h3 h5 35. a4 Kf7 36. Kd3
Rb3+ 37. Ke2 Rb7 38. Kf3 Re7 39. Ra5 Kf6 40. g4 hxg4+ 41. hxg4 fxg4+ 42. Kxg4
Rxe3 43. Rxa7 g6 44. a5 Ra3 45. Ra8 Kf7 46. a6 Kf6 47. Kh4 Kf7 48. a7 Kg7 49.
Kg5 Rg3+ 50. Kh4 Ra3 51. Kg4 Kh7 52. Kh4 1/2-1/2 
1/2-1/2

[Event "Live Chess"] [Site "Chess.com"] [Date "2022.01.04"] [Round "?"] [White
"I_Am_Kaspar"] [Black "Morphonium"] [Result "1-0"] [ECO "D10"] [WhiteElo "1821"]
[BlackElo "1257"] [TimeControl "2700+30"] [EndTime "4:00:28 PST"] [Termination
"I_Am_Kaspar won by resignation"]  1. d4 d5 2. c4 c6 3. Nc3 Nf6 4. e3 Bf5 5.
cxd5 cxd5 6. Qb3 Bc8 7. Bb5+ Bd7 8. Nxd5 Nxd5 9. Qxd5 Bxb5 10. Qxb5+ Qd7 11. Qb3
e6 12. Nf3 Be7 13. Ne5 Qc7 14. O-O O-O 15. Bd2 Bf6 16. Rfc1 Nc6 17. Nd3 Qb6 18.
f4 Qxb3 19. axb3 Bd8 20. Nc5 Be7 21. Nxb7 Bb4 22. Bxb4 Nxb4 23. Kf1 Nd5 24. Ke2
Rfb8 25. Na5 g6 26. g3 Kg7 27. e4 Nb6 28. Rc7 Rc8 29. Rac1 Rxc7 30. Rxc7 Nc8 31.
Kd3 Nd6 32. Nc6 a6 33. Ne5 Rb8 34. Rc3 Kf6 35. Nd7+ 1-0 
1-0

[Event "Live Chess"] [Site "Chess.com"] [Date "2022.01.07"] [Round "?"] [White
"kyle_b81"] [Black "Renek13"] [Result "0-1"] [ECO "B13"] [WhiteElo "1424"]
[BlackElo "2016"] [TimeControl "2700+30"] [EndTime "20:12:54 PST"] [Termination
"Renek13 won by resignation"]  1. e4 c6 2. d4 d5 3. exd5 cxd5 4. Bd3 Nc6 5. c3
Nf6 6. Bf4 Bg4 7. Qb3 Qd7 8. Nd2 e6 9. Ngf3 Bxf3 10. Nxf3 Bd6 11. Bxd6 Qxd6 12.
O-O Rb8 13. Rfe1 O-O 14. Re3 b5 15. a3 Rfc8 16. Rae1 h6 17. Ne5 a6 18. Rh3 Na5
19. Qd1 Nc4 20. Qc1 Qf8 21. g4 Nxe5 22. dxe5 Nh7 23. Bxh7+ Kxh7 24. Ree3 d4 25.
Qb1+ Kh8 26. cxd4 Qd8 27. Reg3 Qxd4 28. g5 Qf4 29. Qd3 Rd8 30. Qe3 Qxe3 31. Rxe3
Kh7 32. Ref3 Rb7 33. gxh6 gxh6 34. Rf6 Rg8+ 35. Kf1 Rg6 36. Rxg6 Kxg6 37. Ke2
Rc7 38. Rc3 Rxc3 39. bxc3 Kf5 40. Kf3 Kxe5 41. Kg4 Kf6 42. Kh5 Kg7 43. f3 Kh7
44. h3 Kg7 45. h4 Kh7 46. Kg4 Kg6 47. h5+ Kf6 48. Kf4 e5+ 49. Kg4 Ke6 50. f4
exf4 51. Kxf4 f5 52. Kf3 Ke5 53. Ke3 f4+ 54. Kf3 Kf5 55. Ke2 Ke4 56. Kf2 f3 57.
Ke1 Ke3 58. Kf1 f2 59. a4 bxa4 60. c4 a3 0-1 
0-1

[Event "Live Chess"] [Site "Chess.com"] [Date "2022.01.08"] [Round "?"] [White
"marian_chicu"] [Black "litfinish"] [Result "0-1"] [ECO "A04"] [WhiteElo "979"]
[BlackElo "1734"] [TimeControl "2700+30"] [EndTime "11:38:35 PST"] [Termination
"litfinish won by checkmate"]  1. Nf3 c5 2. g3 Nc6 3. Bg2 g6 4. O-O Bg7 5. d3 d5
6. e4 Nf6 7. Nc3 d4 8. Nb5 a6 9. Na3 O-O 10. Nc4 b5 11. e5 Nd5 12. Ncd2 Nxe5 13.
Ne4 Qc7 14. Nxe5 Bxe5 15. f4 Bg7 16. c4 bxc4 17. dxc4 Nb6 18. Qb3 Rb8 19. Bd2
Be6 20. Ba5 Qa7 21. Nxc5 Nxc4 22. Nxe6 Rxb3 23. axb3 Nxa5 24. Nxf8 Nxb3 25. Ra3
Nd2 26. Rfa1 d3+ 27. Kh1 Qe3 28. Rxa6 Ne4 29. Ra8 Nf2+ 30. Kg1 Nh3+ 31. Kh1 Qg1+
32. Rxg1 Nf2# 0-1 
0-1

[Event "Live Chess"] [Site "Chess.com"] [Date "2022.01.03"] [Round "?"] [White
"nargaef"] [Black "Michiko3"] [Result "1-0"] [ECO "D10"] [WhiteElo "1683"]
[BlackElo "974"] [TimeControl "2700+30"] [EndTime "11:26:00 PST"] [Termination
"nargaef won by checkmate"]  1. d4 d5 2. c4 c6 3. Nc3 Nf6 4. Nf3 Nbd7 5. Bg5 h6
6. Bh4 e6 7. e3 Be7 8. Bd3 a6 9. O-O b6 10. Rc1 Bb7 11. e4 dxc4 12. Bxc4 c5 13.
Bxf6 Nxf6 14. e5 Nd5 15. Ne4 O-O 16. Qb3 Nb4 17. dxc5 Bxe4 18. Qxb4 Bxc5 19. Qb3
Re8 20. Rcd1 Qc7 21. Rd2 b5 22. Bd3 Bd5 23. Qc2 f5 24. exf6 Rf8 25. Bh7+ Kf7 26.
Bg6+ Kg8 27. Rc1 Rac8 28. Bh7+ Kf7 29. Qg6# 1-0 
1-0

[Event "Live Chess"] [Site "Chess.com"] [Date "2022.01.05"] [Round "?"] [White
"Schachmasteo"] [Black "yaR_33"] [Result "1-0"] [ECO "E60"] [WhiteElo "2125"]
[BlackElo "1641"] [TimeControl "5400+30"] [EndTime "8:05:14 PST"] [Termination
"Schachmasteo won by checkmate"]  1. d4 Nf6 2. c4 g6 3. g3 Bg7 4. Bg2 O-O 5. Nc3
d6 6. Nf3 Nc6 7. O-O e5 8. dxe5 Nxe5 9. Nxe5 dxe5 10. Qxd8 Rxd8 11. Bg5 Rd4 12.
Be3 Rxc4 13. Rfd1 Be6 14. Bxb7 Rb8 15. Ba6 Rc6 16. Bb5 Rxc3 17. bxc3 Rxb5 18.
Rd8+ Bf8 19. Bh6 Nd7 20. Rd1 Rd5 21. Rxd5 Bxd5 22. Rxd7 Bxh6 23. Rxd5 Bf8 24.
Rxe5 Bd6 25. Ra5 f5 26. Rxa7 Kf7 27. e3 g5 28. Kf1 f4 29. exf4 gxf4 30. Ke2 fxg3
31. hxg3 h6 32. Kf3 Kf6 33. Ke4 Bc5 34. Rxc7 Bxf2 35. Kf3 Be1 36. a4 Ke6 37. a5
Kd6 38. Rc4 Kd5 39. Rc8 h5 40. a6 h4 41. gxh4 Bxh4 42. a7 Bd8 43. Rxd8+ Ke6 44.
a8=Q Ke5 45. Qe4+ Kf6 46. Rf8+ Kg7 47. Rf5 Kh6 48. Qh4+ Kg6 49. Qg4+ Kh6 50.
Rh5# 1-0 
1-0

[Event "Live Chess"] [Site "Chess.com"] [Date "2022.01.08"] [Round "?"] [White
"sriracha"] [Black "atbeaty"] [Result "1-0"] [ECO "B11"] [WhiteElo "1931"]
[BlackElo "1377"] [TimeControl "3600+30"] [EndTime "8:54:56 PST"] [Termination
"sriracha won by resignation"]  1. e4 c6 2. Nc3 d5 3. Nf3 Bg4 4. h3 Bxf3 5. Qxf3
e6 6. Be2 Bc5 7. O-O Nd7 8. exd5 cxd5 9. Na4 Bd6 10. d4 Ne7 11. Bg5 Qc7 12. c3
a6 13. b3 b5 14. Nb2 Rc8 15. c4 bxc4 16. bxc4 Bb4 17. a3 Ba5 18. Bxe7 Kxe7 19.
cxd5 Qd6 20. Nc4 Rxc4 21. Bxc4 Rc8 22. dxe6 fxe6 23. Qd3 Bc7 24. g3 a5 25. Rfe1
Nb6 26. Rxe6+ 1-0 
1-0

[Event "Live Chess"] [Site "Chess.com"] [Date "2022.01.08"] [Round "?"] [White
"ssoroka78"] [Black "ThorBiddles"] [Result "1-0"] [ECO "A36"] [WhiteElo "1680"]
[BlackElo "2137"] [TimeControl "2700+30"] [EndTime "12:23:07 PST"] [Termination
"ssoroka78 won by resignation"]  1. c4 c5 2. Nc3 Nc6 3. g3 d6 4. Bg2 e5 5. e4 g6
6. Nge2 Bg7 7. h3 Nge7 8. O-O O-O 9. d3 f5 10. f4 Rb8 11. Rb1 h6 12. Kh2 Nd4 13.
Nxd4 cxd4 14. Nd5 Be6 15. Qa4 a6 16. Bd2 fxe4 17. Nxe7+ Qxe7 18. Bxe4 Bf5 19.
Bd5+ Kh7 20. Qa3 Qd7 21. g4 Bxg4 22. hxg4 Qxg4 23. Qxd6 Rf5 24. Bg2 Rbf8 25. Rf3
exf4 26. Rbf1 Be5 27. Qd5 R8f7 28. a4 Kg7 29. c5 Bf6 30. Qc4 Bh4 31. Qxd4+ Kh7
32. Be1 Rg5 33. R1f2 Bg3+ 34. Kg1 Bxf2+ 35. Qxf2 Re5 36. Bc3 Re6 37. b4 g5 38.
b5 Rfe7 39. Kf1 Re2 40. Qxe2 Rxe2 41. Kxe2 Qxg2+ 42. Rf2 Qd5 43. d4 Qa2+ 44. Kf3
Qxa4 45. Ke4 Qxb5 46. Rb2 Qc6+ 47. Ke5 Kg6 48. Rb6 h5 49. Rxc6+ bxc6 50. d5 h4
51. dxc6 h3 52. c7 h2 53. c8=Q h1=Q 54. Qf5+ Kh6 55. Qf6+ Kh7 56. Kd6 Qd1+ 57.
Kc7 1-0 
1-0

[Event "Live Chess"] [Site "Chess.com"] [Date "2022.01.09"] [Round "?"] [White
"Twan709"] [Black "Pauli3141"] [Result "1-0"] [ECO "C07"] [WhiteElo "2117"]
[BlackElo "1587"] [TimeControl "5400+30"] [EndTime "6:33:28 PST"] [Termination
"Twan709 won by checkmate"]  1. e4 e6 2. d4 d5 3. Nd2 c5 4. Ngf3 Nf6 5. exd5
Nxd5 6. c4 Nf6 7. Bd3 cxd4 8. O-O Be7 9. Nb3 Nc6 10. Re1 O-O 11. Nbxd4 Nxd4 12.
Nxd4 b6 13. Nc6 Qc7 14. Nxe7+ Qxe7 15. Qf3 Rb8 16. Qg3 Nd7 17. Bf4 e5 18. Rxe5
Qf6 19. Rf5 Qxb2 20. Rb1 Qd4 21. Rd5 Qf6 22. Bxb8 Nxb8 23. Qxb8 Be6 24. Bxh7+
Kxh7 25. Qxf8 Bxd5 26. cxd5 Qf5 27. Qb4 Qxd5 28. Re1 Qxa2 29. Qh4+ Kg6 30. f4 f6
31. f5+ Kxf5 32. Qh5+ Kf4 33. g3# 1-0 
1-0